 Dungeon Crawl Stone Soup version 0.25-a0-424-g80bd347ae0 (console) character file.

Game seed: 1839253946958375630, levelgen mode: deterministic

2362 Kagalorn the Zephyrmancer (level 9, -8/63 HPs)
             Began as a Human Air Elementalist on Jan 21, 2020.
             Was a Follower of Qazlal.
             Killed from afar by an orc wizard (12 damage)
             ... with a puff of flame
             ... on level 7 of the Dungeon.
             The game lasted 00:29:46 (7822 turns).

Kagalorn the Zephyrmancer (Human Air Elementalist)  Turns: 7822, Time: 00:29:46

Health: -8/63      AC:  6    Str:  8    XL:     9   Next: 72%
Magic:  12/19      EV: 12    Int: 19    God:    Qazlal [*.....]
Gold:   239        SH:  2    Dex: 14    Spells: 14/21 levels left

rFire    . . .     SeeInvis .   b - +0 hunting sling
rCold    . . .     Gourm    .   (no shield)
rNeg     . . .     Faith    .   g - +0 robe
rPois    .         Spirit   .   (no helmet)
rElec    .         Reflect  .   D - +0 cloak
rCorr    .         Harm     .   (no gloves)
MR       .....                  s - +2 pair of boots {Fly}
Stlth    ++........             (no amulet)
HPRegen  0.20/turn              (no ring)
MPRegen  0.16/turn              (no ring)

@: about to teleport, flying, studying Summonings
A: no striking features
a: Renounce Religion, Stop Flying


You were on level 7 of the Dungeon.
You worshipped Qazlal.
Qazlal was aware of your devotion.
You were not hungry.

You visited 2 branches of the dungeon, and saw 8 of its levels.

You collected 239 gold pieces.

Inventory:

Hand Weapons
 a - a +0 vampiric dagger
 b - a +0 hunting sling (weapon)
Missiles
 e - 42 sling bullets (quivered)
 i - 169 stones
 t - 4 boomerangs
 y - 12 poisoned darts
Armour
 g - a +0 robe (worn)
 q - a +0 shield
 s - a +2 pair of boots of flying (worn)
 D - a +0 cloak (worn)
Jewellery
 f - an uncursed ring of stealth
Wands
 z - a wand of scattershot (8)
 C - a wand of digging (4)
Scrolls
 k - a scroll of random uselessness {unknown}
 l - 2 scrolls of remove curse
 m - a scroll of noise {unknown}
 n - 4 scrolls of teleportation
 u - a scroll of enchant weapon {unknown}
 w - a scroll of blinking {unknown}
 A - a scroll of magic mapping
 E - a scroll of vulnerability {unknown}
 F - 2 scrolls of identify
 H - a scroll of amnesia {unknown}
Potions
 d - 4 potions of flight
 j - a potion of ambrosia {unknown}
 o - a potion of might
 p - 2 potions of berserk rage
 r - 2 potions of curing
 x - a potion of brilliance
 B - a potion of invisibility
 G - a potion of magic {unknown}
 I - a potion of mutation {unknown}
Books
 v - a manual of Summonings
Comestibles
 c - 10 rations


   Skills:
 * Level 3.0 Fighting
 - Level 2.0 Dodging
 - Level 2.0 Stealth
 * Level 6.8 Spellcasting
 - Level 6.0 Conjurations
 - Level 8.0 Air Magic


You had 14 spell levels left.
You knew the following spells:

 Your Spells              Type           Power        Failure   Level  Hunger
a - Shock                 Conj/Air       ####         1%          1    None
b - Airstrike             Air            #####.....   3%          4    ####...
g - Swiftness             Chrm/Air       ###.....     3%          2    None

Your spell library contained the following spells:

 Spells                   Type           Power        Failure   Level  Hunger
 Static Discharge         Conj/Air       ####....     1%          3    ##.....
 Lightning Bolt           Conj/Air       ####......   16%         5    #####..


Dungeon Overview and Level Annotations

Branches:
Dungeon (7/15)             Temple (1/1) D:5

Altars:
Ashenzari
Cheibriados
Dithmenos
Fedhas
Gozag
Hepliaklqana
Kikubaaqudgha
Makhleb
Nemelex Xobeh
Okawaru
Qazlal
Ru
Sif Muna
Uskayaw
Vehumet
Xom
Yredelemnul
Zin

Shops:
D:7 *


Message History

Something hits you.
* * * LOW HITPOINT WARNING * * *
There is an open door here.
Something is blocking the doorway!
Something hits you but does no damage. Something hits you.
* * * LOW HITPOINT WARNING * * *
Unknown command.
Unknown command.
Unknown command.
As you read the scroll of teleportation, it crumbles to dust.
You feel strangely unstable.
You hear some strange, mumbled words.
A puff of flame appears from out of thin air!
The puff of flame hits you!
* * * LOW HITPOINT WARNING * * *
Something hits you but does no damage.
You hear some strange, mumbled words.
A puff of flame appears from out of thin air!
The puff of flame hits you!
You die...

.......#
#..................+
.......#
#..................#
.......#
#............#######
.......# #.....##+#####
.......# #####.....#......#
#'#...............o'......#
..#................#.....##
..#..............ยง.##{####
<.#.............@..#.o...#
..#................#.....#
..#
###................#.....#
.[.. #
###.....#########.....#
.... . . ......##'#####
..... ..
......#.)....##....# ...
.................... ...
....................
#...................


You could see an orc wizard.

Vanquished Creatures
  Menkaure (D:6)
  A sky beast (D:6)
  An orc warrior (D:6)
  3 ice beasts
  A phantom (D:6)
  A necrophage (D:7)
  2 centaurs (D:6)
  4 ogres
  A bullfrog (D:6)
  A gnoll sergeant (D:5)
  A wyvern zombie (D:6)
  A scorpion (D:4)
  2 crimson imps (D:5)
  A jelly (D:6)
  3 hounds
  Crazy Yiuf (D:6)
  2 orc priests
  2 iguanas
  5 orc wizards
  5 worker ants
  4 gnolls (D:5)
  2 worker ant zombies (D:5)
  14 adders
  2 adder skeletons
  A worm (D:5)
  4 dart slugs
  8 leopard geckos
  18 orcs
  2 ball pythons (D:4)
  9 bats
  8 giant cockroaches
  11 hobgoblins
  10 jackals
  2 quokkas
  6 frilled lizards
  6 goblins
  8 kobolds
  A leopard gecko skeleton (D:4)
  6 rats
161 creatures vanquished.

Notes
Turn   | Place    | Note
-------+----------+-------------------------------------------
     0 | D:1      | Kagalorn the Human Air Elementalist began the quest for the
                  | Orb.
     0 | D:1      | Reached XP level 1. HP: 13/13 MP: 3/3
   410 | D:1      | Reached XP level 2. HP: 16/19 MP: 0/5
   697 | D:1      | Reached XP level 3. HP: 24/24 MP: 4/6
   862 | D:1      | Reached skill level 4 in Air Magic
  1583 | D:2      | Reached XP level 4. HP: 30/30 MP: 1/7
  1954 | D:2      | Learned a level 2 spell: Swiftness
  2296 | D:3      | Reached XP level 5. HP: 35/35 MP: 4/8
  3088 | D:4      | Found a shattered altar of Ashenzari.
  3147 | D:4      | Reached skill level 5 in Air Magic
  3158 | D:4      | Noticed an ogre
  3177 | D:4      | Killed an ogre
  3177 | D:4      | Reached XP level 6. HP: 41/41 MP: 5/9
  3516 | D:4      | Reached XP level 7. HP: 44/46 MP: 4/10
  3660 | D:4      | Reached skill level 6 in Air Magic
  4508 | D:4      | Reached skill level 5 in Conjurations
  4636 | D:5      | Entered Level 5 of the Dungeon
  4908 | D:5      | Reached XP level 8. HP: 50/52 MP: 2/11
  4992 | D:5      | Reached skill level 7 in Air Magic
  5009 | D:5      | Found a staircase to the Ecumenical Temple.
  5015 | Temple   | Entered the Ecumenical Temple
  5123 | Temple   | Became a worshipper of Qazlal Stormbringer
  5741 | D:5      | Learned a level 4 spell: Airstrike
  6279 | D:6      | Found a shimmering altar of Xom.
  6281 | D:6      | Noticed an angel
  6305 | D:6      | Reached * piety under Qazlal
  6391 | D:6      | Found a sacrificial altar of Ru.
  6429 | D:6      | Reached skill level 8 in Air Magic
  6482 | D:6      | Reached skill level 1 in Fighting
  6497 | D:6      | Noticed Menkaure
  6526 | D:6      | Killed Menkaure
  6526 | D:6      | Reached XP level 9. HP: 46/61 MP: 0/15
  6795 | D:6      | Reached skill level 5 in Spellcasting
  7015 | D:6      | Found a glowing silver altar of Zin.
  7276 | D:6      | Found a snail-covered altar of Cheibriados.
  7299 | D:6      | Found a runed translucent door.
  7299 | D:6      | Noticed Crazy Yiuf
  7312 | D:6      | Killed Crazy Yiuf
  7716 | D:7      | Found Esaecviz's General Store.
  7822 | D:7      | Killed from afar by an orc wizard

Levels and vault maps discovered:
D:1:      saegor_arrival_under_anarchy, layout_basic
D:2:      layout_basic
D:3:      kennysheep_big_flooded_room, layout_loops_corners
D:4:      layout_loops_ring, lemuel_doored_altar, first_ration,
          minmay_manual_mail
D:5:      kb_forest_paths, layout_basic, minmay_temple_entry_enclosed_plants,
          kennysheep_potato
D:6:      layout_rooms, grunt_temple_overflow_order_and_chaos_1,
          kennysheep_mini_moat, nicolae_overflow_hidden_temple,
          kennysheep_generic_room_7, uniq_menkaure, uniq_crazy_yiuf_cottage
D:7:      layout_gridville, serial_shops, nicolae_shop_waterfront,
          wad_floor_pattern_2
Temple:   dshaligram_water_room_temple

Skill      XL: |  1  2  3  4  5  6  7  8  9 |
---------------+----------------------------+-----
Air Magic      | 4 5 6 8 |  8.0
Conjurations   | 2 3 4 5 6 |  6.0
Fighting       | 1 3 |  3.0
Spellcasting   | 4 6 |  6.8
Dodging        | |  2.0
Stealth        | |  2.0

Action                   |  1- 3 |  4- 6 |  7- 9 || total
-------------------------+-------+-------+-------++-------
Melee: Unarmed           |    11 |       |       ||    11
       Dagger            |     8 |     5 |    40 ||    53
 Fire: Hunting sling     |       |     3 |     6 ||     9
 Cast: Shock             |    68 |    94 |   201 ||   363
       Airstrike         |       |       |    19 ||    19
Evoke: Wand              |       |       |     1 ||     1
  Use: Scroll            |     2 |       |     5 ||     7
       Potion            |     2 |       |     3 ||     5
 Stab: Sleeping          |     3 |     1 |       ||     4
       Invisible         |       |       |     1 ||     1
  Eat: Chunk             |     3 |     8 |    14 ||    25
       Ration            |       |       |     1 ||     1
Armor: Robe              |    43 |    19 |    36 ||    98
Dodge: Dodged            |    77 |    35 |    72 ||   184

Table legend:
 A = Non-vault XP
 B = Vault XP
 C = Vault XP percentage of total XP
 D = Non-vault monster count
 E = Vault monster count
 F = Vault count percentage of total count
                 A         B        C        D         E       F
            +---------+---------+-------+---------+---------+-------
      Total |    2816 |     559 |  16.6 |     145 |      16 |   9.9
            +---------+---------+-------+---------+---------+-------
        D:1 |      50 |       0 |   0.0 |      27 |       0 |   0.0
        D:2 |      65 |       0 |   0.0 |      20 |       0 |   0.0
        D:3 |      63 |       5 |   7.4 |      19 |       2 |   9.5
        D:4 |     529 |     131 |  19.8 |      22 |       6 |  21.4
        D:5 |     636 |     107 |  14.4 |      29 |       5 |  14.7
        D:6 |    1239 |     316 |  20.3 |      22 |       3 |  12.0
        D:7 |     234 |       0 |   0.0 |       6 |       0 |   0.0
            +---------+---------+-------+---------+---------+-------
